 Dungeon Crawl Stone Soup version 0.21.1-1-g345015f (webtiles) character file.

514116 dirtydan the Opulent (level 25, 0/300 HPs)
             Began as a Gnoll Fighter on May 21, 2018.
             Was an Initiate of Gozag.
             Succumbed to an emperor scorpion's poison
             ... on level 1 of the Tomb of the Ancients on May 23, 2018.
             The game lasted 11:41:52 (67477 turns).

dirtydan the Opulent (Gnoll Fighter)               Turns: 67477, Time: 11:41:52

Health: 0/300      AC: 18    Str: 31      XL:     25   Next: 15%
Magic:  42/42      EV: 27    Int: 17 (18) God:    Gozag
Gold:   5832       SH:  5    Dex: 24 (25) Spells: 3/55 levels left

rFire    . . .     SeeInvis +   j - +12 executioner's axe of Hepliaklqana {chop, rN+}
rCold    . . .     Gourm    .   (shield currently unavailable)
rNeg     + + +     Faith    .   d - +2 troll leather armour "Jecs" {rN+ MR++ Regen+}
rPois    .         Spirit   .   R - +2 helmet {SInv}
rElec    .         Reflect  +   W - scarf {repulsion}
rCorr    .         Harm     .   e - +0 pair of gloves {Str+3}
MR       +++..                  c - +2 pair of boots
Stlth    ..........             p - +5 amulet of reflection
HPRegen  1.00/turn              q - ring of positive energy
MPRegen  0.28/turn              m - ring of Lady Luck {Int+4 Dex+6 Slay+6}

@: berserking, lethally poisoned (0 -> -17), slowed, drained, repel missiles,
very slow
A: distributed training, fangs 1, deterioration 1, strong nose
}: 3/15 runes: serpentine, barnacled, silver
a: Potion Petition, Call Merchant, Bribe Branch, Renounce Religion


You were on level 1 of the Tomb of the Ancients.
You worshipped Gozag.
Gozag was greatly pleased with you.
You were not hungry.

You visited 10 branches of the dungeon, and saw 44 of its levels.
You also visited: Ice Cave.

You collected 25750 gold pieces.
You spent 8032 gold pieces at shops.
You paid 11886 gold pieces to Gozag.

Inventory:

Hand Weapons
 a - a +6 great sword
 h - the +4 quarterstaff of Drought {crush, rElec rC+++ Str+4 Int-5}
   (You took it off a merfolk on level 4 of the Shoals)

   It inflicts extra damage upon your enemies.
   It affects your strength (+4).
   It affects your intelligence (-5).
   It renders you almost immune to cold.
   It insulates you from electricity.
 j - the +12 executioner's axe of Hepliaklqana (weapon) {chop, rN+}
   (You found it on level 4 of the Shoals)

   It inflicts extra damage upon your enemies.
   It protects you from negative energy.
 o - a +4 demon blade of flaming
 u - a +2 long sword of holy wrath
 y - the +10 trident "Deiwutac" {venom, MR+}
   (You took it off a deep elf demonologist on level 3 of the Elven Halls)

   It poisons the flesh of those it strikes.
   It affects your resistance to hostile enchantments.
 E - the +3 dagger of Diet Blood {pierce, +Inv rF- Dex+5}
   (You found it on level 3 of the Crypt)

   It inflicts extra damage upon your enemies.
   It affects your dexterity (+5).
   It makes you vulnerable to fire.
   It lets you turn invisible.
 H - the +4 arc blade {discharge, rElec}
   (You found it on level 5 of the Vaults)

   It insulates you from electricity.
 O - the +1 great sword of Profit {flame, rPois MR- Dex+4 SInv}
   (You took it off a deep elf high priest on level 5 of the Vaults)

   It has been specially enchanted to burn those struck by it, causing extra
   injury to most foes and up to half again as much damage against particularly
   susceptible opponents.
   Big, fiery blades are also staple armaments of hydra-hunters.
   It affects your dexterity (+4).
   It protects you from poison.
   It affects your resistance to hostile enchantments.
   It lets you see invisible.
 S - the +10 falchion of Valiance {slice, rF++ rC- MR+++ MP-9 SInv}
   (You found it on level 12 of the Dungeon)

   It inflicts extra damage upon your enemies.
   It greatly protects you from fire.
   It makes you vulnerable to cold.
   It affects your resistance to hostile enchantments.
   It affects your magic capacity (-9).
   It lets you see invisible.
Armour
 c - a +2 pair of boots (worn)
 d - the +2 troll leather armour "Jecs" (worn) {rN+ MR++ Regen+}
   (You took it off a deep elf mage on level 3 of the Elven Halls)

   It protects you from negative energy.
   It affects your resistance to hostile enchantments.
   It increases your rate of regeneration.
 e - a +0 pair of gloves of strength (worn)
 A - a +3 scale mail of cold resistance
 B - a +3 scale mail of fire resistance
 F - +0 ice dragon scales
 I - the +0 cloak "Doynwar" {rC++}
   (You found it in an ice cave)

   It greatly protects you from cold.
 K - a scarf of cloud immunity
 L - the +2 plate armour of the Pirate {+Inv rF+ MR++ Dex-2}
   (You found it on level 2 of the Vaults)

   It affects your dexterity (-2).
   It protects you from fire.
   It affects your resistance to hostile enchantments.
   It lets you turn invisible.
 P - the +6 chain mail of Tomorrow {rElec rPois rC- Stlth+}
   (You found it on level 3 of the Elven Halls)

   It makes you vulnerable to cold.
   It insulates you from electricity.
   It protects you from poison.
   It makes you more stealthy.
 R - a +2 helmet of see invisible (worn)
 U - a +2 shield of protection
 W - a scarf of repulsion (worn)
 X - the +1 shadow dragon scales of Poor Excuses {*Corrode rPois Regen+ Stlth++++}
   (You bought it in a shop on level 3 of the Elven Halls)

   It protects you from poison.
   It increases your rate of regeneration.
   It may corrode you when you take damage.
   It makes you much more stealthy.
Jewellery
 k - an uncursed ring of stealth
 m - the ring of Lady Luck (right hand) {Int+4 Dex+6 Slay+6}
   (You found it on level 1 of the Elven Halls)

   [ring of slaying]

   It affects your intelligence (+4).
   It affects your dexterity (+6).
   It affects your accuracy and damage with ranged weapons and melee attacks
   (+6).
 p - a +5 amulet of reflection (around neck)
 q - a ring of positive energy (left hand)
 s - a +5 ring of strength
 w - an uncursed amulet of regeneration
 C - a +5 ring of intelligence
 T - a +5 ring of dexterity
 V - the ring of Makhleb's Supremacy {+Fly rF+ rC++ MR- Dex-4}
   (You found it on level 3 of the Elven Halls)

   [ring of dexterity]

   It affects your dexterity (-4).
   It protects you from fire.
   It greatly protects you from cold.
   It affects your resistance to hostile enchantments.
   It lets you fly.
 Y - the amulet "Uleik" {+Rage Int+4}
   (You took it off a deep elf annihilator on level 3 of the Elven Halls)

   [amulet of rage]

   It affects your intelligence (+4).
   It lets you go berserk.
Wands
 b - a wand of digging (12)
Scrolls
 g - a scroll of summoning
 n - 10 scrolls of enchant armour
 r - 2 scrolls of holy word
 t - a scroll of amnesia
 x - a scroll of brand weapon
 G - 9 scrolls of enchant weapon
 J - a scroll of acquirement
 Z - 13 scrolls of identify
Potions
 N - 2 potions of haste
Miscellaneous
 l - a lightning rod (4/4)
 v - a crystal ball of energy
 z - a box of beasts
 D - a fan of gales
 M - a lamp of fire (inert)
 Q - a phial of floods (inert)
Comestibles
 f - 23 rations


   Skills:
 + Level 16.8(15.8) Fighting
 + Level 15.9(14.8) Short Blades
 + Level 16.4(15.3) Long Blades
 + Level 15.9(14.8) Axes
 + Level 15.9(14.8) Maces & Flails
 + Level 15.9(14.8) Polearms
 + Level 15.9(14.8) Staves
 + Level 15.9(14.8) Slings
 + Level 15.9(14.8) Bows
 + Level 15.9(14.8) Crossbows
 + Level 15.9(14.8) Throwing
 + Level 16.8(15.8) Armour
 + Level 15.9(14.8) Dodging
 + Level 15.9(14.8) Stealth
 + Level 16.8(15.8) Shields
 + Level 15.9(14.8) Unarmed Combat
 + Level 15.9(14.8) Spellcasting
 + Level 13.7(12.7) Conjurations
 + Level 13.7(12.7) Hexes
 + Level 13.7(12.7) Charms
 + Level 13.7(12.7) Summonings
 + Level 13.7(12.7) Necromancy
 + Level 13.7(12.7) Translocations
 + Level 13.7(12.7) Transmutations
 + Level 13.7(12.7) Fire Magic
 + Level 13.7(12.7) Ice Magic
 + Level 13.7(12.7) Air Magic
 + Level 13.7(12.7) Earth Magic
 + Level 13.7(12.7) Poison Magic
 + Level 17.1(16.0) Invocations
 + Level 15.9(14.8) Evocations


You had 3 spell levels left.
You knew the following spells:

 Your Spells              Type           Power        Failure   Level  Hunger
a - Apportation           Tloc           ######       1%          1    None
b - Petrify               Tmut/Erth      ######..     1%          4    None
c - Yara's Violent Unrav  Hex/Tmut       ######....   1%          5    ####...
d - Summon Small Mammal   Summ           ####         1%          1    None
e - Conjure Ball Lightni  Conj/Air       ######....   4%          6    #####..
f - Swiftness             Chrm/Air       ######..     1%          2    None
g - Passwall              Tmut/Erth      ######....   1%          2    None
h - Darkness              Hex            ######....   4%          6    #####..
i - Summon Forest         Summ/Tloc      ######....   1%          5    ####...
j - Shadow Creatures      Summ           N/A          4%          6    #####..
k - Ring of Flames        Chrm/Fire      ######....   26%         7    #######
l - Summon Hydra          Summ           ######....   26%         7    #######


Dungeon Overview and Level Annotations

Branches:
Dungeon (15/15)            Temple (1/1) D:4            Lair (6/6) D:11
 Shoals (4/4) Lair:3        Snake (4/4) Lair:3        Slime (0/5) Lair:6
    Orc (2/2) D:10            Elf (3/3) Orc:2        Vaults (5/5) D:14
  Crypt (3/3) Vaults:2       Tomb (1/3) Crypt:3      Depths (0/5) D:15

Altars:
Cheibriados
Dithmenos
Elyvilon
Fedhas
Gozag
Hepliaklqana
Kikubaaqudgha
Makhleb
Nemelex Xobeh
Okawaru
Qazlal
Ru
Sif Muna
Trog
Uskayaw
Vehumet
Wu Jian
Xom
Yredelemnul
Zin
The Shining One
Beogh

Shops:
D:4 *   D:9 =   D:13 *=[*   Orc:2 (*([?   Elf:3 [   Snake:1 }=}   Vaults:2 [
Vaults:4 (![

Annotations:
Shoals:3 exclusion: Roxanne, Roxanne
Vaults:4 Jory


Innate Abilities, Weirdness & Mutations

Your experience applies equally to all skills.
You have very sharp teeth.
Your uncanny sense of smell can sniff out nearby items.
Your body sometimes deteriorates upon taking damage.


Message History

The emperor scorpion stings you!
* * * LOW HITPOINT WARNING * * *
You block the emperor scorpion's attack.
The emperor scorpion claws you.
* * * LOW HITPOINT WARNING * * *
Your water elemental hits the death scarab.
Your water elemental engulfs the death scarab in water!
The emperor scorpion stings your water elemental.
The emperor scorpion claws your water elemental!
The emperor scorpion claws your water elemental.
The emperor scorpion misses you.
You block the emperor scorpion's attack.
The emperor scorpion completely misses you.
The emperor scorpion stings you but does no damage.
The emperor scorpion misses you. x2
The death scarab bites your water elemental!!
Your water elemental is destroyed!
Your unstable footing causes you to fumble your attack.
You die...
Your body crumbles into a pile of gold.

#..........#
#..........#
#..........#######
#.................
#.................
#.................
#s................
#ss...............
#@ss≈.............
#sM≈≈.............
#≈ss≈........!....
#...≈.............
#.................
#.................
#.................
##################


You could see a greater mummy, 5 emperor scorpions and 3 death scarabs.

Vanquished Creatures
  2 ancient liches
  Xtahua (Vaults:3)
  3 golden dragons
  A bone dragon (Crypt:3)
  2 liches (Crypt:3)
  A tentacled monstrosity (Vaults:4)
  2 deep elf master archers (Elf:3)
  A quicksilver dragon (Vaults:5)
  2 deep elf blademasters (Elf:3)
  A titan (Vaults:5)
  Kirke (Shoals:1)
  An ancient champion (Crypt:2)
  7 sphinxes (Tomb:1)
  Agnes (Elf:2)
  3 tengu reavers
  7 shadow dragons
  2 storm dragons (Vaults:5)
  5 nagarajas
  Ilsuiw (Shoals:4)
  9 deep elf sorcerers
  3 fire giants
  3 frost giants (Vaults:4)
  12 vault wardens
  Aizul (Snake:4)
  Louise (Shoals:1)
  2 ghouls (Crypt:3)
  3 deep elf elementalists (Elf:3)
  3 orc warlords
  A reaper (Crypt:2)
  5 vampire knights
  7 war gargoyles
  10 ironheart preservers
  7 stone giants
  3 entropy weavers
  6 very ugly things
  2 bennus (Tomb:1)
  7 deep elf demonologists
  8 ettins
  17 deep elf annihilators
  6 eidola
  Snorg (Lair:3)
  8 deep elf death magi
  4 merfolk javelineers (Shoals:4)
  4 jiangshi
  5 deep elf high priests
  3 fire dragons (Vaults:2)
  Josephine (Lair:6)
  9 merfolk impalers
  3 crystal guardians (Crypt:3)
  6 yaktaur captains
  2 great orbs of eyes
  9 ogre magi
  Harold (D:10)
  24 vault guards
  3 ice dragons
  19 naga warriors
  3 rakshasas
  A hydra (shapeshifter) (Vaults:5)
  4 hydras
  2 merfolk aquamancers (Shoals:4)
  A catoblepas (Shoals:4)
  4 centaur warriors
  4 satyrs
  2 death knights
  7 anacondas (Snake:1)
  33 two-headed ogres
  4 death yaks
  19 death scarabs (Tomb:1)
  A deep troll shaman (Vaults:1)
  6 tengu warriors
  4 shock serpents
  A vampire mage (Crypt:2)
  An orc high priest (Orc:2)
  15 naga sharpshooters
  2 deep troll earth magi (Vaults:1)
  5 large abominations (Elf:3)
  A fire crab (Lair:6)
  A salamander mystic (Snake:2)
  27 deep elf knights
  3 shadow wraiths
  6 hell knights (Crypt:3)
  22 skeletal warriors
  A storm dragon zombie (Crypt:3)
  7 sea snakes
  An anaconda zombie (Tomb:1)
  11 naga ritualists
  A spark wasp zombie (Crypt:1)
  7 deep trolls
  4 unseen horrors
  12 deep elf archers
  A ghost moth zombie (Crypt:2)
  A glowing orange brain (Vaults:3)
  4 flayed ghosts
  11 harpies
  4 wizards
  11 ironbrand convokers
  11 orc knights
  11 necromancers
  15 mana vipers
  Pikel (D:8)
  A tengu zombie (Vaults:4)
  9 phantasmal warriors
  5 orc sorcerers
  80 deep elf magi
  4 oklob plants (Lair:1)
  The ghost of Sapher the Grave Robber, a novice GnNe of Cheibriados (D:10)
  An iron dragon zombie (Crypt:3)
  9 cyclopes
  A mana viper (shapeshifter) (Vaults:5)
  12 salamanders
  5 wolf spiders
  15 manticores
  A salamander (shapeshifter) (Vaults:3)
  An elephant (shapeshifter) (Vaults:4)
  A frost giant skeleton (Crypt:3)
  A faun (shapeshifter) (Vaults:1)
  21 fauns
  4 elephants (Lair:6)
  2 guardian serpents
  22 ugly things
  A fire giant skeleton (Vaults:2)
  6 merfolk sirens
  Joseph (D:10)
  A dire elephant zombie (Crypt:3)
  A water nymph (shapeshifter) (Vaults:2)
  An iron dragon skeleton (Crypt:1)
  32 black mambas
  A stone giant skeleton (Crypt:3)
  4 water nymphs
  5 ice statues (IceCv)
  10 vault sentinels
  21 naga magi
  A green draconian zombie (Crypt:1)
  19 spiny frogs
  5 centaur skeletons
  A black draconian zombie (Crypt:2)
  A storm dragon simulacrum (Vaults:2)
  8 freezing wraiths
  8 komodo dragons
  2 kobold demonologists
  8 swamp worm zombies (Crypt:1)
  2 rime drakes
  2 yaktaurs (shapeshifter) (Vaults:3)
  A yaktaur zombie (Vaults:2)
  39 yaktaurs
  A rime drake (shapeshifter) (Vaults:3)
  A golden dragon simulacrum (IceCv)
  5 guardian mummies
  A death yak skeleton (Crypt:1)
  3 anaconda simulacra (IceCv)
  A hydra zombie (Crypt:2)
  4 trolls
  2 meliai (shapeshifter)
  A harpy zombie (Shoals:2)
  25 merfolk
  A jumping spider (Vaults:2)
  3 tyrant leeches (Lair:6)
  A tengu simulacrum (Vaults:3)
  Grinder (D:5)
  An ice dragon zombie (Crypt:3)
  9 hippogriffs
  6 hornets
  A blink frog (shapeshifter) (Vaults:4)
  3 human simulacra
  8 snapping turtles
  A meliai zombie (D:14)
  15 dream sheep
  22 blink frogs
  12 slime creatures
  A fire dragon zombie (Crypt:3)
  30 flying skulls (Crypt:3)
  2 ettin zombies
  2 wyverns (D:10)
  88 yaks
  2 air elementals (Elf:1)
  4 water elementals
  4 shadows
  A wyvern (shapeshifter) (Vaults:5)
  6 redbacks
  9 wraiths
  A human (shapeshifter) (Vaults:4)
  A fire elemental (Elf:1)
  4 basilisks
  2 ushabtiu (Tomb:1)
  A basilisk (shapeshifter) (Vaults:5)
  A golden eye (shapeshifter) (D:14)
  A dire elephant simulacrum (IceCv)
  A deep troll zombie (Crypt:1)
  3 hogs (Shoals:1)
  7 vampire mosquitoes
  Menkaure (D:6)
  A harpy simulacrum (IceCv)
  3 steam dragons
  An iron troll simulacrum (IceCv)
  6 wargs
  2 nagas (shapeshifter)
  A soldier ant (D:13)
  52 nagas
  A spiny frog zombie (Crypt:3)
  12 porcupines
  A floating eye (shapeshifter) (Vaults:5)
  Duvessa (D:6)
  19 water moccasins
  3 acid dragons
  2 hydra simulacra (IceCv)
  A merfolk skeleton (Crypt:3)
  An ogre skeleton (Vaults:1)
  60 orc warriors
  2 phantoms
  A black bear (shapeshifter) (Vaults:3)
  2 elephant zombies (Lair:3)
  4 sky beasts
  2 necrophages (Crypt:3)
  The ghost of cheese the Chopper, an amateur MiBe of Trog (D:3)
  A black bear (D:12)
  A water nymph skeleton (Crypt:2)
  7 ice beasts
  43 ogres
  A hornet zombie (D:14)
  6 human zombies
  A manticore zombie (Crypt:2)
  9 centaurs
  24 wolves
  A manticore skeleton (Crypt:3)
  A blink frog skeleton (Crypt:2)
  17 crocodiles
  7 small abominations (Elf:3)
  An octopode zombie (Crypt:2)
  8 big kobolds
  A wyvern zombie (D:14)
  35 bullfrogs
  2 hippogriff zombies (Shoals:2)
  A gnoll sergeant (D:8)
  A deep troll simulacrum (Vaults:3)
  A glowing shapeshifter simulacrum (Vaults:4)
  4 human skeletons
  2 scorpions
  2 wyvern skeletons (D:14)
  Dowan (D:6)
  8 wights
  An orc simulacrum (Vaults:1)
  14 killer bees
  8 electric eels
  7 howler monkeys
  2 bullfrog zombies
  A yak skeleton (Crypt:2)
  6 centaur zombies
  9 crimson imps
  3 quasits
  2 basilisk zombies (Lair:3)
  7 hounds
  25 orc priests
  A bullfrog skeleton (D:12)
  5 jellies
  40 orc wizards
  Terence (D:2)
  4 iguanas
  A porcupine zombie (Crypt:1)
  11 worker ants
  A naga zombie (Crypt:2)
  An ogre zombie (Crypt:3)
  2 hound zombies
  3 hound skeletons
  12 mummies
  A howler monkey zombie (D:8)
  16 gnolls
  15 adders
  5 shadow imps
  An adder zombie (D:9)
  An adder skeleton (D:5)
  3 worms
  2 dart slugs
  11 leopard geckos
  143 orcs
  5 bats
  2 bat zombies (Shoals:2)
  2 giant cockroaches (D:1)
  4 goblins
  8 hobgoblins
  10 jackals
  20 kobolds
  4 quokkas
  3 ball pythons
  4 frilled lizards
  A gnoll skeleton (Crypt:2)
  2 leopard gecko skeletons
  A quokka skeleton (D:10)
  A quokka zombie (D:7)
  11 rats
  6 plants (Shoals:4)
2046 creatures vanquished.

Vanquished Creatures (collateral kills)
  Bai Suzhen (Snake:4)
  2 nagarajas (Snake:4)
  A stone giant (Vaults:2)
  A rakshasa (Vaults:2)
  A naga warrior (Snake:4)
  2 vault guards (Vaults:4)
  A centaur warrior (Vaults:2)
  A naga sharpshooter (Snake:4)
  A deep elf archer (Vaults:2)
  4 ugly things (Snake:1)
  A faun (Shoals:3)
  2 naga magi (Snake:4)
  A black mamba (Snake:1)
  3 nagas
22 creatures vanquished.

Vanquished Creatures (others)
  Vashnia (Snake:4)
  Polyphemus (Shoals:4)
  A frost giant (Vaults:4)
  2 ironheart preservers
  A yaktaur captain (Vaults:5)
  A centaur warrior (Shoals:3)
  2 satyrs (Shoals:3)
  31 dancing weapons
  A deep troll earth mage (Vaults:1)
  2 naga sharpshooters
  3 deep elf knights (Elf:2)
  A deep elf mage (Elf:2)
  2 fauns (Shoals:3)
  A vault sentinel (Vaults:4)
  A naga mage (Snake:4)
  8 yaktaurs
  2 nagas (Snake:4)
  A slave (D:8)
  An ogre (Vaults:2)
  2 centaurs (Shoals:3)
  A centaur zombie (D:8)
  An iguana (D:8)
  A shadow imp (D:12)
  5 orcs
  A kobold (D:14)
  A quokka (D:8)
  A bush (Lair:3)
  17 fungi
  127 plants
220 creatures vanquished.

Grand Total: 2288 creatures vanquished

Notes
Turn   | Place    | Note
-------+----------+-------------------------------------------
     0 | D:1      | dirtydan the Gnoll Fighter began the quest for the Orb.
     0 | D:1      | Reached XP level 1. HP: 23/23 MP: 1/1
   148 | D:1      | Reached XP level 2. HP: 22/29 MP: 2/2
   498 | D:1      | Reached XP level 3. HP: 35/35 MP: 3/3
   871 | D:2      | Found a blossoming altar of Fedhas.
   885 | D:2      | Reached skill level 1 in Invocations
  1062 | D:2      | Noticed Terence
  1088 | D:2      | Killed Terence
  1088 | D:2      | Reached skill level 1 in Short Blades
  1088 | D:2      | Reached skill level 1 in Axes
  1088 | D:2      | Reached skill level 1 in Maces & Flails
  1088 | D:2      | Reached skill level 1 in Polearms
  1088 | D:2      | Reached skill level 1 in Staves
  1088 | D:2      | Reached skill level 1 in Slings
  1088 | D:2      | Reached skill level 1 in Bows
  1088 | D:2      | Reached skill level 1 in Crossbows
  1088 | D:2      | Reached skill level 1 in Throwing
  1088 | D:2      | Reached skill level 1 in Dodging
  1088 | D:2      | Reached skill level 1 in Stealth
  1088 | D:2      | Reached skill level 1 in Unarmed Combat
  1088 | D:2      | Reached skill level 1 in Spellcasting
  1088 | D:2      | Reached skill level 1 in Evocations
  1088 | D:2      | Reached XP level 4. HP: 35/41 MP: 5/5
  1381 | D:3      | Found a radiant altar of Vehumet.
  1381 | D:3      | Found a stormy altar of Qazlal.
  1395 | D:3      | Reached skill level 1 in Conjurations
  1395 | D:3      | Reached skill level 1 in Hexes
  1395 | D:3      | Reached skill level 1 in Charms
  1395 | D:3      | Reached skill level 1 in Summonings
  1395 | D:3      | Reached skill level 1 in Necromancy
  1395 | D:3      | Reached skill level 1 in Translocations
  1395 | D:3      | Reached skill level 1 in Transmutations
  1395 | D:3      | Reached skill level 1 in Fire Magic
  1395 | D:3      | Reached skill level 1 in Ice Magic
  1395 | D:3      | Reached skill level 1 in Air Magic
  1395 | D:3      | Reached skill level 1 in Earth Magic
  1395 | D:3      | Reached skill level 1 in Poison Magic
  1626 | D:3      | Noticed cheese's ghost (amateur MiBe)
  1879 | D:3      | Found a sacrificial altar of Ru.
  1930 | D:3      | Killed cheese's ghost
  1930 | D:3      | Reached XP level 5. HP: 40/47 MP: 5/7
  2161 | D:3      | Reached skill level 2 in Invocations
  2161 | D:3      | Reached XP level 6. HP: 46/53 MP: 8/8
  2601 | D:4      | Reached skill level 5 in Long Blades
  2861 | D:4      | Found Niorph's Assorted Antiques.
  3047 | D:4      | Reached XP level 7. HP: 47/59 MP: 10/10
  3221 | D:4      | Found a staircase to the Ecumenical Temple.
  3232 | Temple   | Entered the Ecumenical Temple
  3240 | Temple   | Became a worshipper of Gozag Ym Sagoz the Greedy
  3750 | D:5      | Entered Level 5 of the Dungeon
  4528 | D:5      | Noticed Grinder
  4724 | D:5      | Paralysed by Grinder for 4 turns
  4748 | D:5      | Paralysed by Grinder for 2 turns
  4751 | D:5      | Killed Grinder
  4751 | D:5      | Reached skill level 3 in Invocations
  4751 | D:5      | Reached XP level 8. HP: 20/67 MP: 10/12
  5182 | D:6      | Found an ornate altar of the Wu Jian Council.
  5510 | D:6      | Noticed Menkaure
  5857 | D:6      | Noticed Duvessa
  5859 | D:6      | Noticed Dowan
  5866 | D:6      | Killed Duvessa
  5866 | D:6      | Reached skill level 4 in Invocations
  5866 | D:6      | Reached XP level 9. HP: 72/72 MP: 14/14
  5873 | D:6      | Killed Dowan
  5939 | D:6      | Killed Menkaure
  6661 | D:7      | Reached skill level 5 in Invocations
  6699 | D:7      | Found a glowing golden altar of the Shining One.
  6765 | D:7      | Reached XP level 10. HP: 66/80 MP: 17/17
  7553 | D:6      | Reached skill level 5 in Short Blades
  7553 | D:6      | Reached skill level 5 in Axes
  7553 | D:6      | Reached skill level 5 in Maces & Flails
  7553 | D:6      | Reached skill level 5 in Polearms
  7553 | D:6      | Reached skill level 5 in Staves
  7553 | D:6      | Reached skill level 5 in Slings
  7553 | D:6      | Reached skill level 5 in Bows
  7553 | D:6      | Reached skill level 5 in Crossbows
  7553 | D:6      | Reached skill level 5 in Throwing
  7553 | D:6      | Reached skill level 5 in Dodging
  7553 | D:6      | Reached skill level 5 in Stealth
  7553 | D:6      | Reached skill level 5 in Unarmed Combat
  7553 | D:6      | Reached skill level 5 in Spellcasting
  7553 | D:6      | Reached skill level 5 in Evocations
  8096 | D:8      | Found a white marble altar of Elyvilon.
  8098 | D:8      | Noticed Pikel
  8113 | D:8      | Killed Pikel
  8830 | D:8      | Reached skill level 6 in Invocations
  9212 | D:9      | Noticed a two-headed ogre
  9215 | D:9      | Killed a two-headed ogre
  9277 | D:9      | Noticed a two-headed ogre
  9292 | D:9      | Killed a two-headed ogre
  9292 | D:9      | Reached XP level 11. HP: 38/87 MP: 19/19
  9323 | D:9      | Found Wanojuu's Jewellery Emporium.
  9955 | D:9      | Reached skill level 5 in Conjurations
  9955 | D:9      | Reached skill level 5 in Hexes
  9955 | D:9      | Reached skill level 5 in Charms
  9955 | D:9      | Reached skill level 5 in Summonings
  9955 | D:9      | Reached skill level 5 in Necromancy
  9955 | D:9      | Reached skill level 5 in Translocations
  9955 | D:9      | Reached skill level 5 in Transmutations
  9955 | D:9      | Reached skill level 5 in Fire Magic
  9955 | D:9      | Reached skill level 5 in Ice Magic
  9955 | D:9      | Reached skill level 5 in Air Magic
  9955 | D:9      | Reached skill level 5 in Earth Magic
  9955 | D:9      | Reached skill level 5 in Poison Magic
 10601 | D:10     | Entered Level 10 of the Dungeon
 10800 | D:10     | Noticed an unseen horror
 10804 | D:10     | Killed an unseen horror
 10807 | D:10     | Noticed Sapher's ghost (novice GnNe)
 10822 | D:10     | Killed Sapher's ghost
 10843 | D:10     | Reached skill level 7 in Invocations
 11231 | D:10     | Noticed Harold
 11253 | D:10     | Killed Harold
 11440 | D:10     | Noticed a two-headed ogre
 11448 | D:10     | Killed a two-headed ogre
 11448 | D:10     | Reached XP level 12. HP: 60/96 MP: 22/22
 11650 | D:10     | Found a staircase to the Orcish Mines.
 12160 | D:10     | Noticed Joseph
 12181 | D:10     | Killed Joseph
 12610 | D:11     | Noticed a two-headed ogre
 12626 | D:11     | Killed a two-headed ogre
 12940 | D:11     | Found a roughly hewn altar of Beogh.
 13203 | D:11     | Noticed a five-headed hydra
 13270 | D:11     | Killed a five-headed hydra
 13546 | D:11     | Reached skill level 8 in Invocations
 14160 | D:11     | Found a staircase to the Lair.
 14449 | D:12     | Reached skill level 10 in Fighting
 14449 | D:12     | Reached skill level 10 in Armour
 14449 | D:12     | Reached skill level 10 in Shields
 14624 | D:12     | Noticed a four-headed hydra
 14664 | D:12     | Got a crystal falchion
 14850 | D:11     | Identified the +10 falchion of Valiance {slice, rF++ rC- MR+++ MP-9 SInv} (You found it on level 12 of the Dungeon)
 15171 | D:12     | Noticed a two-headed ogre
 15229 | D:12     | Killed a two-headed ogre
 15229 | D:12     | Reached XP level 13. HP: 96/103 MP: 24/24
 16471 | D:13     | Found Udotu's Jewellery Shop.
 16487 | D:13     | Found Xitos's General Store.
 16502 | D:13     | Bought a wand of paralysis (10) for 180 gold pieces
 16549 | D:13     | Found Nidduac's Food Shoppe.
 16707 | D:13     | Reached skill level 9 in Invocations
 16722 | D:13     | Found a radiant altar of Vehumet.
 16855 | D:13     | Found Douh's Armour Boutique.
 16884 | D:13     | Found Roar's Assorted Antiques.
 18039 | D:13     | Bought a +5 ring of intelligence for 618 gold pieces
 18039 | D:13     | Bought a +5 ring of strength for 618 gold pieces
 18039 | D:13     | Bought an uncursed amulet of regeneration for 450 gold pieces
 18046 | D:13     | Learned a level 1 spell: Apportation
 18052 | D:13     | Learned a level 4 spell: Petrify
 18058 | D:13     | Learned a level 5 spell: Yara's Violent Unravelling
 18073 | D:13     | Learned a level 1 spell: Summon Small Mammal
 18265 | D:4      | Bought a scroll of identify for 54 gold pieces
 18475 | D:13     | Bought a steaming plate armour for 924 gold pieces
 18485 | D:13     | Identified the cursed +1 plate armour of Going Fast {*Contam +Fly rElec rPois} (You bought it in a shop on level 13 of the Dungeon)
 18846 | D:14     | Found a gate to the Vaults.
 18964 | D:14     | Reached XP level 14. HP: 108/111 MP: 17/26
 18990 | D:14     | Found an iron altar of Okawaru.
 19607 | D:15     | Entered Level 15 of the Dungeon
 19707 | D:15     | Reached skill level 10 in Long Blades
 20359 | D:15     | Got a warped dire flail
 20365 | D:15     | Identified the cursed +2 dire flail "Kits" {freeze, +Inv rC- SInv} (You found it on level 15 of the Dungeon)
 20387 | D:15     | Reached skill level 10 in Invocations
 20767 | D:15     | Found a staircase to the Depths.
 20947 | Lair:1   | Entered Level 1 of the Lair of Beasts
 22960 | Lair:3   | Reached XP level 15. HP: 119/119 MP: 19/28
 22973 | Lair:3   | Found a staircase to the Shoals.
 23228 | Lair:3   | Noticed Snorg
 23241 | Lair:3   | Killed Snorg
 23302 | Lair:3   | Found a staircase to the Snake Pit.
 24074 | Lair:4   | Got a crystal longbow
 24081 | Lair:4   | Identified the +1 longbow "Vefuth" {flame, Int+4} (You found it on level 4 of the Lair of Beasts)
 25413 | Lair:6   | Entered Level 6 of the Lair of Beasts
 25633 | Lair:6   | Reached skill level 10 in Short Blades
 25633 | Lair:6   | Reached skill level 10 in Axes
 25633 | Lair:6   | Reached skill level 10 in Maces & Flails
 25633 | Lair:6   | Reached skill level 10 in Polearms
 25633 | Lair:6   | Reached skill level 10 in Staves
 25633 | Lair:6   | Reached skill level 10 in Slings
 25633 | Lair:6   | Reached skill level 10 in Bows
 25633 | Lair:6   | Reached skill level 10 in Crossbows
 25633 | Lair:6   | Reached skill level 10 in Throwing
 25633 | Lair:6   | Reached skill level 10 in Dodging
 25633 | Lair:6   | Reached skill level 10 in Stealth
 25633 | Lair:6   | Reached skill level 10 in Unarmed Combat
 25633 | Lair:6   | Reached skill level 10 in Spellcasting
 25633 | Lair:6   | Reached skill level 10 in Evocations
 26199 | Lair:6   | Reached skill level 11 in Invocations
 26659 | Lair:6   | Noticed Josephine
 26667 | Lair:6   | Killed Josephine
 26851 | Lair:6   | Found a staircase to the Slime Pits.
 27430 | Lair:4   | Gained mutation: Your body sometimes deteriorates upon taking damage. [mutagenic glow]
 27763 | Orc:1    | Entered Level 1 of the Orcish Mines
 27774 | Orc:1    | Noticed an orc warlord
 27785 | Orc:1    | Reached XP level 16. HP: 118/127 MP: 21/30
 28057 | Orc:1    | Found a roughly hewn altar of Beogh.
 28384 | Orc:2    | Entered Level 2 of the Orcish Mines
 28459 | Orc:2    | Found a staircase to the Elven Halls.
 28589 | Orc:2    | Found a roughly hewn altar of Beogh.
 28602 | Orc:2    | Found Ufri's Magic Scroll Emporium.
 28611 | Orc:2    | Bought a scroll of identify for 32 gold pieces
 28611 | Orc:2    | Bought a scroll of identify for 32 gold pieces
 29037 | Orc:2    | Found Seafuf's Antique Weapon Shop.
 29039 | Orc:2    | Found a roughly hewn altar of Beogh.
 29042 | Orc:2    | Found Hueb's Antique Armour Boutique.
 29321 | Orc:2    | Found Ocaon's Weapon Shoppe.
 29356 | Orc:2    | Found a roughly hewn altar of Beogh.
 29357 | Orc:2    | Found Eciolomp's General Store.
 29401 | Orc:2    | Bought a potion of heal wounds for 75 gold pieces
 29468 | Orc:2    | Found a roughly hewn altar of Beogh.
 29590 | Elf:1    | Entered Level 1 of the Elven Halls
 29999 | Elf:1    | Got a transparent granite ring
 30001 | Elf:1    | Identified the ring of Lady Luck {Int+4 Dex+6 Slay+6} (You found it on level 1 of the Elven Halls)
 30015 | Elf:1    | Identified Jaly's Reference Book on Attacks
 30024 | Elf:1    | Learned a level 6 spell: Conjure Ball Lightning
 30901 | Elf:2    | Noticed a Hell Sentinel
 30946 | Elf:2    | Reached XP level 17. HP: 126/135 MP: 23/32
 31073 | Elf:2    | Reached skill level 12 in Invocations
 31645 | Elf:2    | Found a deep blue altar of Sif Muna.
 31800 | Elf:2    | Found a huge runed gate.
 31802 | Elf:2    | Found a huge runed gate.
 31805 | Elf:2    | Found a huge runed gate.
 31817 | Elf:2    | Noticed Agnes
 31829 | Elf:2    | Killed Agnes
 32568 | Elf:3    | Entered Level 3 of the Elven Halls
 32760 | Elf:3    | Found Ipaluwe's Antique Armour Emporium.
 32992 | Elf:3    | Reached skill level 10 in Conjurations
 32992 | Elf:3    | Reached skill level 10 in Hexes
 32992 | Elf:3    | Reached skill level 10 in Charms
 32992 | Elf:3    | Reached skill level 10 in Summonings
 32992 | Elf:3    | Reached skill level 10 in Necromancy
 32992 | Elf:3    | Reached skill level 10 in Translocations
 32992 | Elf:3    | Reached skill level 10 in Transmutations
 32992 | Elf:3    | Reached skill level 10 in Fire Magic
 32992 | Elf:3    | Reached skill level 10 in Ice Magic
 32992 | Elf:3    | Reached skill level 10 in Air Magic
 32992 | Elf:3    | Reached skill level 10 in Earth Magic
 32992 | Elf:3    | Reached skill level 10 in Poison Magic
 33058 | Elf:3    | Got a flickering turquoise ring
 33060 | Elf:3    | Identified the cursed ring of Makhleb's Supremacy {+Fly rF+ rC++ MR- Dex-4} (You found it on level 3 of the Elven Halls)
 33196 | Elf:3    | Noticed an Executioner
 33198 | Elf:3    | Noticed a Hell Sentinel
 33261 | Elf:3    | Noticed a Tzitzimitl
 33264 | Elf:3    | Noticed a Tzitzimitl
 33377 | Elf:2    | Reached XP level 18. HP: 87/143 MP: 24/33
 33584 | Elf:3    | Noticed a Tzitzimitl
 33683 | Elf:3    | Noticed a deep elf master archer
 33704 | Elf:3    | Killed a deep elf master archer
 33755 | Elf:3    | Noticed a deep elf blademaster
 33764 | Elf:3    | Noticed a deep elf master archer
 33768 | Elf:3    | Killed a deep elf blademaster
 33784 | Elf:3    | Killed a deep elf master archer
 34010 | Elf:3    | Got a brightly glowing trident {venom}
 34013 | Elf:3    | Noticed a deep elf blademaster
 34026 | Elf:3    | Killed a deep elf blademaster
 34026 | Elf:3    | Reached skill level 13 in Invocations
 34336 | Elf:3    | Got a vibrating emerald amulet
 34352 | Elf:3    | Identified the amulet "Uleik" {+Rage Int+4} (You took it off a deep elf annihilator on level 3 of the Elven Halls)
 34395 | Elf:3    | Got a pitted scale mail
 34397 | Elf:3    | Got a crude chain mail
 34414 | Elf:3    | Identified the +2 scale mail of Past Mistakes {+Fly Str-3 Slay-2 Stlth+} (You found it on level 3 of the Elven Halls)
 34425 | Elf:3    | Identified the +6 chain mail of Tomorrow {rElec rPois rC- Stlth+} (You found it on level 3 of the Elven Halls)
 34465 | Elf:3    | Learned a level 2 spell: Swiftness
 34468 | Elf:3    | Learned a level 2 spell: Passwall
 34475 | Elf:3    | Learned a level 6 spell: Darkness
 34482 | Elf:3    | Learned a level 5 spell: Summon Forest
 34489 | Elf:3    | Learned a level 6 spell: Shadow Creatures
 34496 | Elf:3    | Identified the +10 trident "Deiwutac" {venom, MR+} (You took it off a deep elf demonologist on level 3 of the Elven Halls)
 34686 | Elf:3    | Got a pitted short sword {pierce}
 34687 | Elf:3    | Identified the cursed +1 short sword "Arhioch" {pierce, rElec Dex+5} (You took it off a deep elf archer on level 3 of the Elven Halls)
 34694 | Elf:3    | Got a slimy troll leather armour
 34705 | Elf:3    | Identified the +2 troll leather armour "Jecs" {rN+ MR++ Regen+} (You took it off a deep elf mage on level 3 of the Elven Halls)
 34851 | Elf:3    | Got a crude flail
 34852 | Elf:3    | Identified the cursed +3 flail of Geox {flame, rPois} (You found it on level 3 of the Elven Halls)
 34988 | Orc:2    | Bought a pair of runed boots for 225 gold pieces
 35230 | Shoals:1 | Entered Level 1 of the Shoals
 35388 | Shoals:1 | Noticed Kirke
 35398 | Shoals:1 | Killed Kirke
 35606 | Shoals:1 | Noticed Louise
 35617 | Shoals:1 | Killed Louise
 37027 | Shoals:4 | Entered Level 4 of the Shoals
 37092 | Shoals:4 | Reached XP level 19. HP: 133/151 MP: 26/35
 37550 | Shoals:3 | Noticed Roxanne
 37843 | Shoals:4 | Noticed Polyphemus
 37879 | Shoals:4 | Killed Polyphemus
 38010 | Shoals:4 | Got a polished quarterstaff {crush}
 38143 | Shoals:4 | Got a blackened executioner's axe
 38215 | Shoals:4 | Identified the +4 quarterstaff of Drought {crush, rElec rC+++ Str+4 Int-5} (You took it off a merfolk on level 4 of the Shoals)
 38216 | Shoals:4 | Identified the +12 executioner's axe of Hepliaklqana {chop, rN+} (You found it on level 4 of the Shoals)
 38271 | Shoals:4 | Noticed Ilsuiw
 38378 | Shoals:4 | Killed Ilsuiw
 39256 | Shoals:4 | Got a barnacled rune of Zot
 39622 | Snake:1  | Entered Level 1 of the Snake Pit
 39711 | Snake:1  | Found a frozen archway.
 39778 | IceCv    | Entered an ice cave
 40013 | IceCv    | Got a spiked cloak
 40024 | IceCv    | Identified the cursed +0 cloak "Doynwar" {rC++} (You found it in an ice cave)
 41189 | Snake:1  | Found Haniec's Gadget Emporium.
 41205 | Snake:1  | Reached XP level 20. HP: 137/159 MP: 36/36
 41216 | Snake:1  | Found Soditobb's Jewellery Boutique.
 41220 | Snake:1  | Found Vonaom's Gadget Emporium.
 41267 | Snake:1  | Reached skill level 14 in Invocations
 43187 | Snake:4  | Entered Level 4 of the Snake Pit
 43834 | Snake:4  | Noticed Bai Suzhen
 43884 | Snake:4  | Killed Bai Suzhen
 43894 | Snake:4  | Noticed Vashnia
 44302 | Snake:4  | Killed Vashnia
 44380 | Snake:4  | Noticed Aizul
 44414 | Snake:4  | Killed Aizul
 44464 | Snake:4  | Got a serpentine rune of Zot
 45030 | Vaults:1 | Entered Level 1 of the Vaults
 45058 | Vaults:1 | Reached XP level 21. HP: 149/166 MP: 29/38
 46815 | Vaults:1 | Reached skill level 15 in Fighting
 46815 | Vaults:1 | Reached skill level 15 in Armour
 46815 | Vaults:1 | Reached skill level 15 in Shields
 47386 | D:4      | Bought a scroll of teleportation for 81 gold pieces
 47386 | D:4      | Bought a scroll of enchant weapon for 202 gold pieces
 47569 | D:13     | Bought a scroll of enchant armour for 112 gold pieces
 47621 | D:13     | Bought a scroll of enchant weapon for 247 gold pieces
 47629 | D:13     | Learned a level 7 spell: Ring of Flames
 47840 | D:4      | Bought a scroll labeled SUSTUO HIENG for 27 gold pieces
 48241 | Orc:2    | Bought a ration for 75 gold pieces
 48363 | D:13     | Bought a ration for 55 gold pieces
 48363 | D:13     | Bought a ration for 55 gold pieces
 48363 | D:13     | Bought a ration for 55 gold pieces
 48363 | D:13     | Bought a ration for 55 gold pieces
 48363 | D:13     | Bought a ration for 55 gold pieces
 48363 | D:13     | Bought a ration for 55 gold pieces
 48363 | D:13     | Bought a ration for 55 gold pieces
 48363 | D:13     | Bought a ration for 55 gold pieces
 48363 | D:13     | Bought a ration for 55 gold pieces
 48363 | D:13     | Bought a ration for 55 gold pieces
 49245 | Snake:3  | Reached skill level 15 in Invocations
 50317 | Vaults:2 | Found Iwyug's Armour Boutique.
 50706 | Vaults:2 | Got a scorched plate armour
 50717 | Vaults:2 | Identified the +2 plate armour of the Pirate {+Inv rF+ MR++ Dex-2} (You found it on level 2 of the Vaults)
 51042 | Vaults:2 | Reached XP level 22. HP: 124/175 MP: 31/40
 51456 | Vaults:2 | Found a staircase to the Crypt.
 53205 | Vaults:3 | Reached skill level 15 in Long Blades
 53309 | Vaults:3 | Noticed Xtahua
 53547 | Vaults:3 | Killed Xtahua
 54331 | Vaults:4 | Found Rexuz's Armour Shop.
 54687 | Vaults:4 | Found Kynoquw's Distillery.
 54693 | Vaults:4 | Bought a potion of berserk rage for 100 gold pieces
 54693 | Vaults:4 | Bought a potion of heal wounds for 100 gold pieces
 54693 | Vaults:4 | Bought a potion of heal wounds for 100 gold pieces
 54793 | Vaults:4 | Found Goirch's Weapon Boutique.
 55534 | Vaults:5 | Entered Level 5 of the Vaults
 55610 | Vaults:4 | Reached XP level 23. HP: 112/183 MP: 23/41
 55774 | Vaults:5 | Noticed a golden dragon
 56735 | Vaults:5 | Identified a scroll of acquirement
 56775 | Vaults:5 | Reached skill level 16 in Invocations
 56800 | Vaults:5 | Noticed Jory
 56828 | Vaults:5 | Noticed a golden dragon
 56843 | Vaults:5 | Noticed an ancient lich
 57027 | Vaults:5 | Killed a golden dragon
 57809 | Vaults:4 | Killed a golden dragon
 58414 | Vaults:4 | Reached skill level 15 in Short Blades
 58414 | Vaults:4 | Reached skill level 15 in Axes
 58414 | Vaults:4 | Reached skill level 15 in Maces & Flails
 58414 | Vaults:4 | Reached skill level 15 in Polearms
 58414 | Vaults:4 | Reached skill level 15 in Staves
 58414 | Vaults:4 | Reached skill level 15 in Slings
 58414 | Vaults:4 | Reached skill level 15 in Bows
 58414 | Vaults:4 | Reached skill level 15 in Crossbows
 58414 | Vaults:4 | Reached skill level 15 in Throwing
 58414 | Vaults:4 | Reached skill level 15 in Dodging
 58414 | Vaults:4 | Reached skill level 15 in Stealth
 58414 | Vaults:4 | Reached skill level 15 in Unarmed Combat
 58414 | Vaults:4 | Reached skill level 15 in Spellcasting
 58414 | Vaults:4 | Reached skill level 15 in Evocations
 59192 | Vaults:5 | Noticed a golden dragon
 59262 | Vaults:4 | Killed a golden dragon
 60585 | Vaults:5 | Killed an ancient lich
 60613 | Vaults:5 | Got a polished great sword {flame}
 60613 | Vaults:5 | Got a twisted chain mail
 60693 | Vaults:5 | Reached XP level 24. HP: 148/191 MP: 33/42
 60706 | Vaults:4 | Identified the cursed +1 great sword of Profit {flame, rPois MR- Dex+4 SInv} (You took it off a deep elf high priest on level 5 of the Vaults)
 60718 | Vaults:4 | Identified the +6 chain mail "Heparieq" {Int+5} (You took it off a deep elf high priest on level 5 of the Vaults)
 61093 | Vaults:5 | Learned a level 7 spell: Summon Hydra
 61597 | Vaults:5 | Found the +4 arc blade {discharge, rElec}
 61602 | Vaults:5 | Got a silver rune of Zot
 61627 | Vaults:5 | Got a faintly humming scale mail
 61638 | Vaults:5 | Identified the +5 scale mail of Fanaticism {*Corrode MR++} (You found it on level 5 of the Vaults)
 61781 | Crypt:1  | Entered Level 1 of the Crypt
 62378 | Elf:3    | Bought steaming shadow dragon scales for 3230 gold pieces
 62388 | Elf:3    | Identified the cursed +1 shadow dragon scales of Poor Excuses {*Corrode rPois Regen+ Stlth++++} (You bought it in a shop on level 3 of the Elven Halls)
 62801 | Crypt:1  | Identified the Incunabulum of Glacial Stones
 64420 | Crypt:3  | Entered Level 3 of the Crypt
 64775 | Crypt:3  | Found a staircase to the Tomb.
 64857 | Tomb:1   | Entered Level 1 of the Tomb of the Ancients
 65096 | Crypt:3  | Got an iridescent dagger
 65097 | Crypt:3  | Identified the cursed +3 dagger of Diet Blood {pierce, +Inv rF- Dex+5} (You found it on level 3 of the Crypt)
 65172 | Crypt:3  | Found an ancient bone altar of Kikubaaqudgha.
 65174 | Crypt:3  | Noticed an ancient lich
 65191 | Crypt:3  | Killed an ancient lich
 66046 | Crypt:3  | Identified the Volume of Evil Magic
 66351 | Tomb:1   | Reached skill level 17 in Invocations
 66378 | Tomb:1   | Reached XP level 25. HP: 119/200 MP: 33/42
 66958 | Tomb:1   | Noticed a greater mummy
 66959 | Tomb:1   | Noticed a greater mummy
 67476 | Tomb:1   | HP: 9/300 [emperor scorpion[a greater mummy] (8)]
 67476 | Tomb:1   | HP: 3/300 [emperor scorpion[a greater mummy] (6)]
 67477 | Tomb:1   | Succumbed to an emperor scorpion's poison

Skill      XL: |  1  2  3  4  5  6  7  8  9 10 11 12 13 14 15 16 17 18 19 20 21 22 23 24 |
---------------+-------------------------------------------------------------------------+-----
Invocations    | 1 2 3 4 5 6 7 8 9 10 11 12 13 14 15 16 17 | 17.1
Short Blades   | 1 2 3 4 5 6 7 8 9 10 11 12 13 14 15 | 15.9
Axes           | 1 2 3 4 5 6 7 8 9 10 11 12 13 14 15 | 15.9
Maces & Flails | 1 2 3 4 5 6 7 8 9 10 11 12 13 14 15 | 15.9
Polearms       | 1 2 3 4 5 6 7 8 9 10 11 12 13 14 15 | 15.9
Staves         | 1 2 3 4 5 6 7 8 9 10 11 12 13 14 15 | 15.9
Slings         | 1 2 3 4 5 6 7 8 9 10 11 12 13 14 15 | 15.9
Bows           | 1 2 3 4 5 6 7 8 9 10 11 12 13 14 15 | 15.9
Crossbows      | 1 2 3 4 5 6 7 8 9 10 11 12 13 14 15 | 15.9
Throwing       | 1 2 3 4 5 6 7 8 9 10 11 12 13 14 15 | 15.9
Dodging        | 1 2 3 4 5 6 7 8 9 10 11 12 13 14 15 | 15.9
Stealth        | 1 2 3 4 5 6 7 8 9 10 11 12 13 14 15 | 15.9
Unarmed Combat | 1 2 3 4 5 6 7 8 9 10 11 12 13 14 15 | 15.9
Spellcasting   | 1 2 3 4 5 6 7 8 9 10 11 12 13 14 15 | 15.9
Evocations     | 1 2 3 4 5 6 7 8 9 10 11 12 13 14 15 | 15.9
Conjurations   | 1 2 3 4 5 6 7 8 9 10 11 12 13 | 13.7
Hexes          | 1 2 3 4 5 6 7 8 9 10 11 12 13 | 13.7
Charms         | 1 2 3 4 5 6 7 8 9 10 11 12 13 | 13.7
Summonings     | 1 2 3 4 5 6 7 8 9 10 11 12 13 | 13.7
Necromancy     | 1 2 3 4 5 6 7 8 9 10 11 12 13 | 13.7
Translocations | 1 2 3 4 5 6 7 8 9 10 11 12 13 | 13.7
Transmutations | 1 2 3 4 5 6 7 8 9 10 11 12 13 | 13.7
Fire Magic     | 1 2 3 4 5 6 7 8 9 10 11 12 13 | 13.7
Ice Magic      | 1 2 3 4 5 6 7 8 9 10 11 12 13 | 13.7
Air Magic      | 1 2 3 4 5 6 7 8 9 10 11 12 13 | 13.7
Earth Magic    | 1 2 3 4 5 6 7 8 9 10 11 12 13 | 13.7
Poison Magic   | 1 2 3 4 5 6 7 8 9 10 11 12 13 | 13.7
Long Blades    | 5 6 7 8 9 10 11 12 13 14 15 16 | 16.4
Fighting       | 7 8 9 10 11 12 13 14 15 16 | 16.8
Armour         | 7 8 9 10 11 12 13 14 15 16 | 16.8
Shields        | 7 8 9 10 11 12 13 14 15 16 | 16.8

Action                   |  1- 3 |  4- 6 |  7- 9 | 10-12 | 13-15 | 16-18 | 19-21 | 22-24 | 25-27 || total
-------------------------+-------+-------+-------+-------+-------+-------+-------+-------+-------++-------
Melee: Long sword        |   115 |   173 |   131 |       |       |       |       |    34 |       ||   453
       Bite              |    19 |    26 |    65 |   187 |   297 |   277 |   483 |   640 |    24 ||  2018
       Rapier            |       |       |   254 |   147 |       |       |       |       |       ||   401
       Whip              |       |       |       |   460 |       |       |       |       |       ||   460
       Dagger            |       |       |       |   467 |       |       |       |    18 |       ||   485
       Falchion          |       |       |       |    79 |  1483 |  1394 |   867 |  2016 |    85 ||  5924
       Punch             |       |       |       |       |    43 |       |       |    28 |       ||    71
       Dire flail        |       |       |       |       |    32 |       |       |       |       ||    32
       Trident           |       |       |       |       |       |     7 |   904 |   131 |       ||  1042
       Executioner's axe |       |       |       |       |       |       |   120 |       |     9 ||   129
       Quarterstaff      |       |       |       |       |       |       |     3 |       |       ||     3
       Unarmed           |       |       |       |       |       |       |     2 |       |       ||     2
       Great sword       |       |       |       |       |       |       |       |     2 |       ||     2
 Cast: Petrify           |       |       |       |       |       |     1 |       |     1 |       ||     2
       Yara's Violent Un |       |       |       |       |       |       |     1 |       |       ||     1
       Summon Forest     |       |       |       |       |       |       |       |     3 |     1 ||     4
Invok: Potion Petition   |       |       |       |     3 |     6 |     7 |     8 |     6 |     3 ||    33
 Abil: Evoke Invisibilit |       |       |       |       |     2 |       |       |       |       ||     2
       Evoke Berserk Rag |       |       |       |       |     1 |       |     1 |     1 |       ||     3
       Evoke Flight      |       |       |       |       |       |     1 |       |       |       ||     1
Evoke: Wand              |       |       |       |    26 |    30 |    43 |    75 |    64 |     2 ||   240
       Fan of gales      |       |       |       |       |       |     1 |     2 |     2 |       ||     5
       Phial of floods   |       |       |       |       |       |       |     3 |     4 |     1 ||     8
       Box of beasts     |       |       |       |       |       |       |     3 |     4 |       ||     7
       Lamp of fire      |       |       |       |       |       |       |     2 |     3 |     1 ||     6
       Phantom mirror    |       |       |       |       |       |       |       |     1 |       ||     1
  Use: Potion            |       |     1 |       |     8 |     7 |     9 |     6 |     9 |     1 ||    41
       Scroll            |       |       |     5 |    17 |    15 |    14 |    15 |    14 |     4 ||    84
 Stab: Distracted        |       |       |     2 |     9 |    15 |     9 |    23 |    32 |     1 ||    91
       Sleeping          |       |       |       |     7 |     1 |    21 |    12 |    22 |     1 ||    64
       Invisible         |       |       |       |     2 |     8 |       |     1 |       |       ||    11
       Paralysed         |       |       |       |       |    28 |     4 |     2 |    28 |       ||    62
       Petrified         |       |       |       |       |       |     1 |       |       |       ||     1
  Eat: Chunk             |     1 |     4 |       |       |       |       |       |       |       ||     5
       Ration            |       |     1 |     4 |     8 |    13 |     9 |    14 |    16 |     1 ||    66
Armor: Scale mail        |    40 |    48 |   117 |   228 |    54 |       |       |       |       ||   487
       Plate armour      |       |       |       |       |   462 |    88 |     6 |    59 |       ||   615
       Ring mail         |       |       |       |       |       |    67 |       |       |       ||    67
       Chain mail        |       |       |       |       |       |    70 |   340 |   197 |       ||   607
       Troll leather arm |       |       |       |       |       |       |    12 |     2 |    15 ||    29
       Shadow dragon sca |       |       |       |       |       |       |       |   147 |    15 ||   162
Dodge: Dodged            |    33 |    61 |   150 |   329 |   697 |   454 |   802 |   696 |   185 ||  3407
       Deflected         |       |       |       |       |    12 |    44 |    88 |    19 |       ||   163
Block: Shield            |    57 |    93 |   218 |   481 |   497 |   891 |  1543 |  1445 |   134 ||  5359
       Reflection        |       |       |       |       |       |    44 |   208 |    96 |       ||   348
       Other             |       |       |       |       |       |       |    38 |    23 |    16 ||    77
       Rpst.: Long sword |     8 |    16 |    13 |       |       |       |       |       |       ||    37
       Falchion          |       |       |       |     2 |   179 |    96 |    52 |   123 |    34 ||   486
